 Dungeon Crawl Stone Soup version 0.21-a0-414-gba8bdf1 (webtiles) character file.

16 slep the Conjurer (level 2, -1/19 HPs)
             Began as a Demonspawn Wanderer on Nov 3, 2017.
             Slain by a worm (4 damage)
             ... on level 2 of the Dungeon.
             The game lasted 00:02:49 (931 turns).

slep the Conjurer (Demonspawn Wanderer)              Turns: 931, Time: 00:02:50

Health: -1/19      AC:  5    Str: 14    XL:     2   Next: 41%
Magic:  5/5        EV: 10    Int: 12    God:
Gold:   80         SH:  0    Dex: 11    Spells: 6/6 levels left

rFire    . . .     SeeInvis .   d - +0 club
rCold    . . .     Gourm    .   (no shield)
rNeg     . . .     Faith    +   c - +0 ring mail
rPois    .         Spirit   .   (no helmet)
rElec    .         Reflect  .   (no cloak)
rCorr    .         Harm     .   (no gloves)
MR       .....     Rnd*Tele +   (no boots)
Stlth    +.........             p - amulet of faith
HPRegen  0.06/turn              h - ring of teleportation (curse)
MPRegen  0.09/turn              (no ring)

@: no status effects
A: powered by pain 1
a: no special abilities


You were on level 2 of the Dungeon.
You were not hungry.

You visited 1 branch of the dungeon, and saw 2 of its levels.

You collected 80 gold pieces.

Inventory:

Hand Weapons
 d - a +0 club (weapon)
Armour
 c - a +0 ring mail (worn)
Jewellery
 h - a cursed ring of teleportation (left hand)
 p - an amulet of faith (around neck)
Scrolls
 e - a scroll of amnesia {unknown}
 i - a scroll of immolation {unknown}
 j - a scroll of identify {unknown}
 k - a scroll of enchant armour {unknown}
 m - a scroll of random uselessness {unknown}
 n - a scroll of noise {unknown}
 o - a scroll of recharging {unknown}
Potions
 b - a potion of curing
Books
 a - a book of Minor Magic

   Spells                             Type                      Level
   a - Magic Dart                     Conjuration                  1
   b - Blink                          Translocation                2
   c - Call Imp                       Summoning                    2
   d - Slow                           Hexes                        2
   e - Conjure Flame                  Conjuration/Fire             3
   f - Mephitic Cloud                 Conjuration/Poison/Air       3
Comestibles
 f - a bread ration
 g - a royal jelly


   Skills:
 + Level 1.0 Maces & Flails
 + Level 2.2 Armour
 + Level 2.5 Spellcasting
   Level 3.0 Conjurations
   Level 2.0 Evocations


You had 6 spell levels left.
You didn't know any spells.

Dungeon Overview and Level Annotations

Branches:
Dungeon (2/15)

Altars:


Innate Abilities, Weirdness & Mutations

You sometimes gain a little power by taking damage.


Message History

You hit the worm.
The worm is moderately wounded.
The kobold closely misses you. The worm bites you.
An orc comes into view. It is wielding a dagger.
The orc shouts!
You hit the worm but do no damage.
The worm is moderately wounded.
The kobold closely misses you.
You barely miss the worm.
The worm is moderately wounded.
The kobold barely misses you. The worm bites you!
* * * LOW HITPOINT WARNING * * *
The kobold misses you.
A scorpion comes into view.
You hit the worm.
The worm is moderately wounded.
The orc barely misses you. The kobold hits you with a dagger.
* * * LOW HITPOINT WARNING * * *
The worm bites you.
You die...

##†##.#
..####..#..#
#.o.......#
#.#.####)##
.. #o## ##
#o.# ##r#
#K# #@#
#s.ow#
#...###.# ..
#.. #.# .##
. #


You could see a worm, a scorpion, 3 orcs, a kobold and a rat.

Vanquished Creatures
  A dart slug (D:1)
  An orc (D:2)
  A giant cockroach (D:1)
  A goblin (D:1)
  3 hobgoblins (D:1)
  3 bats
  2 frilled lizards
  A kobold (D:1)
13 creatures vanquished.

Notes
Turn   | Place    | Note
-------+----------+-------------------------------------------
     0 | D:1      | slep the Demonspawn Wanderer began the quest for the Orb.
     0 | D:1      | slep set off with: a book of Minor Magic, a potion of curing, a +0 ring mail, a +0 club, a bread ration
     0 | D:1      | Reached XP level 1. HP: 13/13 MP: 3/3
   531 | D:1      | Gained mutation: You sometimes gain a little power by taking damage. [demonic ancestry]
   531 | D:1      | Reached XP level 2. HP: 10/19 MP: 5/5
   931 | D:2      | Noticed a scorpion
   931 | D:2      | Slain by a worm

Vault maps used:
D:1:      dpeg_arrival_shelter, roderic_serpentine_path
D:2:      minmay_close_crescents

Skill      XL: |  1 |
---------------+----+-----
Armour         | 2 |  2.2
Maces & Flails | |  1.0
Spellcasting   | |  2.5
Conjurations   | |  3.0
Evocations     | |  2.0

Action                   || total
-------------------------++-------
Melee: Club              ||    80
  Use: Potion            ||     1
Armor: Ring mail         ||    46
Dodge: Dodged            ||    70

Table legend:
 A = Spawn XP
 B = Non-spawn XP
 C = Spawn XP percentage of total XP
 D = Spawn monster count
 E = Non-spawn monster count
 F = Spawn count percentage of total count
 G = Total turns spent on level
                    A         B        C        D         E        F      G
               +---------+---------+-------+---------+---------+-------+---------
         Total |       0 |      24 |   0.0 |       0 |      13 |   0.0 |   931
               +---------+---------+-------+---------+---------+-------+---------
           D:1 |       0 |      19 |   0.0 |       0 |      10 |   0.0 |   890
           D:2 |       0 |       5 |   0.0 |       0 |       3 |   0.0 |    41
               +---------+---------+-------+---------+---------+-------+---------
